 Dungeon Crawl Stone Soup version 0.32-a0-163-g159c032296 (webtiles) character file.

Game seed: 3403781604640566131

138 zeratav the Sneak (level 5, -6/36 HPs)
             Began as an Octopode Shapeshifter on Feb 11, 2024.
             Mangled by a gnoll
             ... wielding a +0 whip
             ... led by a gnoll bouda
              (8 damage)
             ... on level 3 of the Dungeon.
             The game lasted 00:02:38 (2201 turns).

zeratav the Sneak (Octopode Shapeshifter)           Turns: 2201, Time: 00:02:39

Health: -6/36      AC:  1    Str: 15    XL:     5   Next: 21%
Magic:  5/5        EV: 18    Int: 12    God:
Gold:   138        SH:  0    Dex: 12    Spells: 4/4 levels left

rFire   . .          .
                       - Unarmed
rCold   . . .        (no shield)
rNeg    + . .        (helmet currently unavailable)
rPois   .            (no amulet)
rElec   .            m - ring of positive energy
rCorr   .            q - ring of willpower
SInv    .            r - +5 ring of evasion
Will    +....        (no ring)
Stlth   ++++         (no ring)
HPRegen 0.26/turn    (no ring)
MPRegen 0.09/turn    (no ring)
                     (no ring)

%: no passive effects
@: beast-form
A: beast (slay +1), almost no armour, amphibious, 8 rings, camouflage 1,
gelatinous body 1, (nimble swimmer 1), tentacles
a: Begin Untransformation


You were on level 3 of the Dungeon.
You were a hulking beast.
You visited 1 branch of the dungeon, and saw 4 of its levels.

You collected 138 gold pieces.


Innate Abilities, Weirdness & Mutations

You are a hulking beast.
Your limbs bulge with bestial killing power. (Slay +1)
You cannot wear most types of armour.
You are amphibious.
You can wear up to eight rings at the same time.
Your skin changes colour to match your surroundings (Stealth+).
Your rubbery body absorbs attacks. (AC +1, EV +1)
((You are camouflaged when in or above water. (Stealth+)))
You have tentacles for arms and can constrict up to eight enemies at once.


   Skills:
 + Level 3.2 Fighting
 - Level 2.0 Dodging
 - Level 5.0 Stealth
 - Level 3.0 Unarmed Combat
 - Level 3.0 Shapeshifting


You had 4 spell levels left.
You didn't know any spells.
Your spell library contained the following spells:

 Spells                   Type           Power      Damage    Failure   Level
 Freeze                   Ice            0%         1d3       32%         1
 Magic Dart               Conj           0%         1d3       32%         1
 Blink                    Tloc           0%         N/A       45%         2
 Call Imp                 Summ           0%         N/A       45%         2
 Frozen Ramparts          Ice            0%         1d1       69%         3
 Hailstorm                Conj/Ice       0%         3d5       69%         3
 Summon Ice Beast         Ice/Summ       0%         N/A       69%         3
 Ignite Poison            Fire/Alch      0%         N/A       97%         4
 Sticky Flame             Fire/Alch      0%         2d4       97%         4
 Summon Mana Viper        Hex/Summ       0%         N/A       100%        5
 Monstrous Menagerie      Summ           0%         N/A       100%        7
 Ignition                 Fire           0%         3d3       100%        8

Inventory:

Missiles
 p - 15 poisoned darts (quivered) {throwing}
 s - 5 datura-tipped darts {throwing}
Jewellery
 m - a ring of positive energy (left tentacle)
   (You found it on level 2 of the Dungeon)
 o - a ring of flight
   (You found it on level 2 of the Dungeon)
 q - a ring of willpower (right tentacle)
   (You found it on level 2 of the Dungeon)
 r - a +5 ring of evasion (on tentacle)
   (You found it on level 2 of the Dungeon)
Talismans
 b - a beast talisman
 c - a flux talisman
Scrolls
 d - a scroll of blinking {unknown}
 f - 4 scrolls of identify {unknown}
 g - a scroll of vulnerability {unknown}
 i - 3 scrolls of immolation {unknown}
 j - 2 scrolls of fear {unknown}
 k - 2 scrolls of noise {unknown}
 l - a scroll of teleportation {unknown}
 n - a scroll of amnesia {unknown}
 v - a scroll of poison {unknown}
Potions
 a - a potion of lignification {!q}
 e - a potion of curing {unknown}
 h - a potion of berserk rage {unknown}
 t - a potion of invisibility {unknown}
 u - a potion of might {unknown}

Dungeon Overview and Level Annotations

Branches:
Dungeon (4/15) Zot: 21803
 Temple: D:4-7

Altars:

Annotations:
D:3 3 runed translucent doors, Azoth's ghost, amateur DEGl

###### #........(.#.
#....# #..........#.
#....# #.#..###.....
#....### #.#..###.#.##
#......# #.#..#<....#
##.###.## ##.#..#..####
#.# #..# #........# #
#.# ##.# #........#####
#.# #h# #.............
#.# #g###.........#..#
#.####g[..........##.#.
#.....#.>..............
#..#...................
#.####........(.....###
#..#.######).......## #
#.#.....#.#.....#...###
######)#..#.....#...#..


You could see 2 gnolls.


Message History

A bat and a frilled lizard come into view.
There are monsters nearby!
The helpless frilled lizard fails to defend itself.
You tentacle-slap the frilled lizard.
You kill the frilled lizard!
Found a stone staircase leading up.
The helpless bat fails to defend itself.
You tentacle-slap the bat.
You kill the bat!
No target in view!
No target in view!
No target in view!
No target in view!
No target in view!
No target in view!
No target in view!
No target in view!
No target in view!
No target in view!
No target in view!
No target in view!
No target in view!
There is a stone staircase leading up here.
You see here 2 stones {throwing}.
You see here a +0 robe.
Found a roughly hewn altar of Beogh.
Found an embroidered scarf.
The orc priest shouts!
The orc shouts! x2
The orc shouts! x4; You hear a shout!
The orc shouts!
The orc loudly shouts encouragement to no one in particular.
Azoth's ghost turns its malevolent gaze towards you.
Could not explore, unopened runed door.
Could not explore, unopened runed door.
There is a stone staircase leading down here.
You climb downwards.
The gnoll shouts!
The gnoll bouda shouts!
The gnoll shouts!
You hear a shout! x3
Found a robe.
Found a stone staircase leading down.
There is a stone staircase leading up here.
There are monsters nearby!
An endoplasm comes into view.
The gnoll bouda barks out a call to the hunt!
The gnolls pick up the pace!
The gnoll shouts!
You climb upwards.
Level annotation: 3 runed translucent doors, Azoth's ghost, amateur DEGl
There is a stone staircase leading down here.
You barely miss the gnoll bouda. Your grab misses the gnoll bouda.
Your squeeze misses the gnoll bouda. You tentacle-slap the gnoll bouda.
Your grab misses the gnoll bouda.
You tentacle-slap the gnoll bouda, but do no damage.
The gnoll bouda barely misses you.
You tentacle-slap the gnoll bouda. You grab the gnoll bouda.
You squeeze the gnoll bouda! You constrict the gnoll bouda.
The gnoll bouda barely misses you.
You tentacle-slap the gnoll bouda.
You constrict the gnoll bouda, but do no damage.
The gnoll bouda barely misses you.
You tentacle-slap the gnoll bouda. You constrict the gnoll bouda.
You kill the gnoll bouda!
Your Fighting skill increases to level 3!
You have reached level 5!
You feel agile.
HP[+6] MP[+1]
You now have 36 max hp (+6).
Your hp is fully restored (36).
Your mp is fully restored (5).
You climb downwards.
The kobold shouts!
You hear a shout!
The endoplasm barely misses you. The gnoll hits you with a +0 whip!
The gnoll closely misses you.
There is a stone staircase leading up here.
HP[-7]
You take 7 damage, and now have 29/36 hp.
The endoplasm freezes you.
You are frozen.
The gnoll hits you with a +0 whip! The gnoll closely misses you.
You climb upwards.
Level annotation: 3 runed translucent doors, Azoth's ghost, amateur DEGl
There is a stone staircase leading down here.
HP[-9]
You take 9 damage, and now have 20/36 hp.
MASSIVE DAMAGE!! (PAUSE)
You tentacle-slap the endoplasm. You squeeze the endoplasm.
You kill the endoplasm!
The gnoll closely misses you. The gnoll hits you with a +0 flail.
* * * LOW HITPOINT WARNING * * *
HP[-5]
You take 5 damage, and now have 15/36 hp.
The gnoll closely misses you.
Things that are here:
a +0 robe; a +0 whip {mace}; a gnoll corpse The gnoll attacks as it pursues you!
The gnoll misses you. The gnoll attacks as it pursues you!
The gnoll hits you with a +0 flail!
* * * LOW HITPOINT WARNING * * *
HP[-13]
You take 13 damage, and now have 2/36 hp.
MASSIVE DAMAGE!! (PAUSE)
You tentacle-slap the gnoll but do no damage.
Your grab misses the gnoll. The gnoll hits you with a +0 whip!
You die...

Skill      XL: |  1  2  3  4 |
---------------+-------------+-----
Stealth        | 2 3 5 |  5.0
Fighting       | 3 |  3.2
Dodging        | |  2.0
Unarmed Combat | |  3.0
Shapeshifting  | |  3.0

Action                     |  1- 3 |  4- 6 || total
---------------------------+-------+-------++-------
  Melee: Unarmed           |    54 |    28 ||    82
         Constrict         |    14 |     7 ||    21
         Tentacles         |     7 |     7 ||    14
         Punch             |     2 |     2 ||     4
   Stab: Sleeping          |     9 |     4 ||    13
 Armour: Skin              |    14 |     9 ||    23
  Dodge: Dodged            |    35 |    21 ||    56

Levels and vault maps discovered:
D:1:      minmay_arrival_semitransparent, layout_loops_cross
D:2:      layout_basic, serial_rivers, chequers_serial_rivers_marsh,
          chequers_serial_rivers_large_a, chequers_serial_rivers_room_b,
          chequers_serial_rivers_room_a, chequers_serial_rivers_micro_c,
          shapermc_ecumenical_altar_mp_vishouse
D:3:      minmay_angry_zag, layout_rooms, biasface_ghost_orc_armoury
D:4:      layout_cave_pools, serial_rivers, chequers_serial_rivers_micro_a,
          chequers_serial_rivers_small_a, chequers_serial_rivers_marsh,
          chequers_serial_rivers_marsh, hangedman_decor_push

Notes
Turn   | Place    | Note
-------+----------+-------------------------------------------
     0 | D:1      | zeratav the Octopode Shapeshifter began the quest for the
                  | Orb.
     0 | D:1      | Reached XP level 1. HP: 13/13 MP: 1/1
     0 | D:1      | magus.rc [v1.9.6]
     7 | D:1      | You pick up a book of Beasts and begin reading...
     7 | D:1      | You add the spells Summon Ice Beast, Summon Mana Viper and
                  | Monstrous Menagerie to your library.
    83 | D:1      | Reached skill level 1 in Stealth
   140 | D:1      | You pick up a book of Frost and begin reading...
   140 | D:1      | You add the spells Freeze, Frozen Ramparts and Hailstorm to
                  | your library.
   164 | D:1      | You add the spells Ignite Poison, Sticky Flame and Ignition
                  | to your library.
   217 | D:1      | Reached skill level 2 in Stealth
   366 | D:1      | You pick up a book of Minor Magic and begin reading...
   366 | D:1      | You add the spells Magic Dart, Blink and Call Imp to your
                  | library.
   591 | D:2      | Reached XP level 2. HP: 18/18 MP: 2/2
   735 | D:2      | Reached skill level 3 in Stealth
  1199 | D:2      | Reached XP level 3. HP: 23/23 MP: 3/3
  1288 | D:2      | Found a faded altar of an unknown god.
  1646 | D:3      | Reached skill level 4 in Stealth
  1786 | D:3      | Reached skill level 5 in Stealth
  1786 | D:3      | Reached XP level 4. HP: 27/29 MP: 4/4
  1804 | D:3      | Reached skill level 2 in Fighting
  1934 | D:3      | Found a runed translucent gate.
  1934 | D:3      | Noticed Azoth's ghost (amateur DEGl)
  1935 | D:3      | Found a runed translucent gate.
  1936 | D:3      | Found a runed translucent gate.
  1937 | D:3      | Identified the +1 ring mail of the Moon {Harm Dex+2}
  2193 | D:3      | Reached skill level 3 in Fighting
  2193 | D:3      | Reached XP level 5. HP: 36/36 MP: 5/5
  2199 | D:3      | HP: 2/36 [gnoll/+0 flail[a gnoll bouda] (14)]
  2201 | D:3      | Mangled by a gnoll

Vanquished Creatures
  A bombardier beetle (D:3)
  A gnoll bouda (D:3)
  3 adders
  A ribbon worm (D:3)
  5 orcs (D:3)
  4 endoplasms
  3 giant cockroaches
  4 hobgoblins
  3 quokkas
  4 ball pythons
  3 bats
  3 frilled lizards
  5 kobolds
  2 rats
42 creatures vanquished.

Table legend:
 A = Non-vault XP
 B = Vault XP
 C = Vault XP percentage of total XP
 D = Non-vault monster count
 E = Vault monster count
 F = Vault count percentage of total count
                 A         B        C        D         E       F
            +---------+---------+-------+---------+---------+-------
      Total |     165 |      33 |  16.7 |      37 |       5 |  11.9
            +---------+---------+-------+---------+---------+-------
        D:1 |       9 |       0 |   0.0 |       6 |       0 |   0.0
        D:2 |      29 |       0 |   0.0 |      11 |       0 |   0.0
        D:3 |     127 |      33 |  20.6 |      20 |       5 |  20.0
            +---------+---------+-------+---------+---------+-------

Skill      XL: |  1  2  3  4 |
---------------+-------------+-----
Stealth        | 2 3 5 |  5.0
Fighting       | 3 |  3.2
Dodging        | |  2.0
Unarmed Combat | |  3.0
Shapeshifting  | |  3.0

Action                     |  1- 3 |  4- 6 || total
---------------------------+-------+-------++-------
  Melee: Unarmed           |    54 |    28 ||    82
         Constrict         |    14 |     7 ||    21
         Tentacles         |     7 |     7 ||    14
         Punch             |     2 |     2 ||     4
   Stab: Sleeping          |     9 |     4 ||    13
 Armour: Skin              |    14 |     9 ||    23
  Dodge: Dodged            |    35 |    21 ||    56

Illustrated notes

Table legend:
 A = Kills in this place as a percentage of kills in the entire game.
 B = Kills by you in this place as a percentage of kills by you in the entire game.
 C = Kills by friends in this place as a percentage of kills by friends in the entire game.
 D = Other kills in this place as a percentage of other kills in the entire game.
 E = Experience gained in this place as a percentage of experience gained in the entire game.
 F = Experience gained in this place divided by the number of levels of this place that you have seen.
                   A       B       C       D       E      F
               +-------+-------+-------+-------+-------+----------------------
         Total | 100.0 | 100.0 |   N/A |   N/A | 100.0 |  49.5
       Dungeon | 100.0 | 100.0 |   N/A |   N/A | 100.0 |  49.5
               +-------+-------+-------+-------+-------+----------------------

Table legend: (Time is in decaauts)
 A = Elapsed time spent in this place.
 B = Non-inter-level travel time spent in this place.
 C = Inter-level travel time spent in this place.
 D = Time resting spent in this place.
 E = Time spent auto-exploring this place.
 F = Levels seen in this place.
 G = Mean time per level.
                   A        B        C        D        E       F      G
               +--------+--------+--------+--------+--------+-----+--------+
         Total |   2195 |   2074 |    121 |     59 |   1731 |   4 |  548.8 |
       Dungeon |   2195 |   2074 |    121 |     59 |   1731 |   4 |  548.8 |
               +--------+--------+--------+--------+--------+-----+--------+

Top non-repeatable levels by time:
     D:2: 1073 daAuts
     D:1: 564 daAuts
     D:3: 551 daAuts
     D:4: 6 daAuts
